 Dungeon Crawl Stone Soup version 0.32-a0-886-g41c5271027 (webtiles) character file.

Game seed: 16861114838128372779

428 Newt the Spear-Bearer (level 6, -2/75 HPs)
             Began as a Merfolk Gladiator on Apr 2, 2024.
             Slain by a gnoll
             ... wielding a +0 flail
              (9 damage)
             ... on level 4 of the Dungeon.
             The game lasted 00:02:52 (2833 turns).

Newt the Spear-Bearer (Merfolk Gladiator)           Turns: 2833, Time: 00:02:52

Health: -2/75      AC:  4    Str: 16    XL:     6   Next: 98%
Magic:  6/6        EV: 12    Int:  8    God:
Gold:   196        SH:  0    Dex: 15    Spells: 5/5 levels left

rFire   + . .        a - +0 trident
rCold   + . .        (no shield)
rNeg    . . .        b - +0 leather armour
rPois   .            c - +0 helmet
rElec   .            f - scarf {rC+ rF+}
rCorr   .            (no gloves)
SInv    +            (no boots)
Will    .....        (no amulet) Stlth
                     i - ring of see invisible
HPRegen 0.32/turn    (no ring)
MPRegen 0.10/turn

%: no passive effects
@: berserking, lethally poisoned (-2 -> -9), very quick
A: (nimble swimmer 2), mertail
a: no special abilities


You were on level 4 of the Dungeon.
You visited 1 branch of the dungeon, and saw 4 of its levels.

You collected 196 gold pieces.

Inventory:

Hand Weapons
 a - a +0 trident (weapon)
Missiles
 d - 2 throwing nets (quivered)
 e - a javelin
 l - 5 silver javelins
Armour
 b - a +0 leather armour (worn)
 c - a +0 helmet (worn)
 f - a scarf of resistance (worn)
Jewellery
 g - an amulet of faith
 i - a ring of see invisible (left hand)
Scrolls
 h - a scroll of fear
 k - 2 scrolls of brand weapon
 n - a scroll of torment
 r - a scroll of noise
Potions
 j - 3 potions of haste
 m - a potion of magic {unknown}
 o - a potion of berserk rage
 p - 2 potions of heal wounds {unknown}
 q - a potion of curing {unknown}
 s - a potion of attraction {unknown}


   Skills:
 + Level 4.8 Fighting
 * Level 8.5 Polearms
 - Level 2.0 Throwing
 - Level 4.0 Dodging


You had 5 spell levels left.
You didn't know any spells.
Your spell library contained the following spells:

 Spells                   Type           Power      Damage    Failure   Level
 Kiss of Death            Conj/Necr      0%         2d5       47%         1
 Confusing Touch          Hex            0%         N/A       85%         3
 Frozen Ramparts          Ice            0%         1d1       85%         3
 Ozocubu's Armour         Ice            0%         N/A       85%         3
 Dispel Undead            Necr           0%         3d6       99%         4
 Metabolic Englaciation   Hex/Ice        0%         N/A       100%        5


Dungeon Overview and Level Annotations

Branches:
Dungeon (4/15)
 Temple: D:4-7

Altars:
Uskayaw

Shops:
D:3 :


Innate Abilities, Weirdness & Mutations

((You are very nimble when in or above water. (Stealth+, EV+, Speed+++)))
Your lower body shifts to a powerful aquatic tail in water.


Message History

You hit the scorpion.
The scorpion is severely wounded.
The scorpion misses you.
Unknown command.
You barely miss the scorpion.
The scorpion is severely wounded.
You feel sick. The gnoll hits you with a +0 flail! The scorpion stings you.
You are more poisoned.
The scorpion poisons you!
Unknown command.
You hit the scorpion.
The scorpion is severely wounded.
You feel sick. The gnoll closely misses you.
The scorpion stings you but does no damage.
Unknown command.
Unknown command.
You closely miss the scorpion.
The scorpion is severely wounded.
You feel sick.
Unknown command.
You closely miss the scorpion.
The scorpion is severely wounded.
You feel sick. The scorpion stings you.
* * * LOW HITPOINT WARNING * * *
The gnoll hits you with a +0 flail.
* * * LOW HITPOINT WARNING * * *
Unknown command.
Unknown command.
It was a potion of berserk rage.
A red film seems to cover your vision as you go berserk!
You feel yourself moving faster!
You feel mighty!
* * * LOW HITPOINT WARNING * * *
You feel sick. The scorpion barely misses you.
Unknown command.
You are too berserk!
You impale the scorpion!!
You kill the scorpion!
* * * LOW HITPOINT WARNING * * *
You feel sick. The gnoll hits you with a +0 flail!
You die...

............##......#
...###..#............
####......##.#..##......
#............#.....#....
....##............##...
....$###.(.##..........
#...................
##.)..........##.<..
.#g@......##......<.
.....J.........#..#.....
......##.......#..###[..
...... ##.........####..
..... #..........##)..
.>... ##..........)...
.... ...............#..
...$ .##............#..
#...........>...


You could see a gnoll and an endoplasm.

Vanquished Creatures
  Grinder (D:4)
  3 scorpions (D:4)
  4 adders
  2 gnolls (D:4)
  2 ribbon worms
  2 dart slugs
  An orc (D:3)
  4 ball pythons
  4 bats
  7 endoplasms
  2 giant cockroaches (D:2)
  3 goblins
  3 hobgoblins
  2 jackals (D:3)
  7 quokkas
  A frilled lizard (D:3)
  8 kobolds
  3 rats
59 creatures vanquished.

Notes
Turn   | Place    | Note
-------+----------+-------------------------------------------
     0 | D:1      | Newt the Merfolk Gladiator began the quest for the Orb.
     0 | D:1      | Reached XP level 1. HP: 16/16 MP: 1/1
   400 | D:1      | Reached XP level 2. HP: 19/23 MP: 2/2
   715 | D:2      | Reached skill level 5 in Polearms
   715 | D:2      | Reached XP level 3. HP: 14/28 MP: 3/3
  1177 | D:2      | Found a faded altar of an unknown god.
  1233 | D:2      | Found a hide-covered altar of Uskayaw.
  1369 | D:3      | Reached XP level 4. HP: 31/35 MP: 4/4
  1395 | D:3      | Found Pyrraku's Book Emporium.
  1794 | D:3      | Reached skill level 6 in Polearms
  2305 | D:4      | Noticed Grinder
  2332 | D:4      | Killed Grinder
  2333 | D:4      | Reached skill level 7 in Polearms
  2333 | D:4      | Reached XP level 5. HP: 22/43 MP: 5/5
  2333 | D:4      | Reached XP level 6. HP: 25/49 MP: 6/6
  2360 | D:4      | Reached skill level 8 in Polearms
  2833 | D:4      | Slain by a gnoll

Illustrated notes

Levels and vault maps discovered:
D:1:      lightli_arrival_noodles, layout_basic,
          nicolae_concentric_dashed_squares_wild, corner_web_ring,
          serial_park_tiny_2, serial_bayou_pond_d, minmay_misc_feat_tower
D:2:      layout_rooms, hellmonk_ecumenical_altar_inner_sanctum, basic_altar,
          due_unseen_surprise
D:3:      layout_loops_corners, serial_shops, shop
D:4:      layout_cave_pools, mainiacjoe_overflow_alcove_1,
          biasface_ghost_orc_armoury, uniq_grinder

Skill      XL: |  1  2  3  4  5  6 |
---------------+-------------------+-----
Polearms       | 5 7 8 |  8.5
Fighting       | 3 4 |  4.8
Throwing       | |  2.0
Dodging        | |  4.0

Action                     |  1- 3 |  4- 6 || total
---------------------------+-------+-------++-------
  Melee: Trident           |   108 |   121 ||   229
  Throw: Throwing net      |       |     3 ||     3
         Javelin           |       |     2 ||     2
    Use: Scroll            |     3 |     1 ||     4
         Potion            |       |     2 ||     2
   Stab: Sleeping          |     2 |       ||     2
 Armour: Leather armour    |    47 |    43 ||    90
  Dodge: Dodged            |    69 |    43 ||   112

Table legend: (Time is in decaauts)
 A = Elapsed time spent in this place.
 B = Non-inter-level travel time spent in this place.
 C = Inter-level travel time spent in this place.
 D = Time resting spent in this place.
 E = Time spent auto-exploring this place.
 F = Levels seen in this place.
 G = Mean time per level.
                   A        B        C        D        E       F      G
               +--------+--------+--------+--------+--------+-----+--------+
         Total |   2814 |   2742 |     72 |    514 |   1794 |   4 |  703.5 |
       Dungeon |   2814 |   2742 |     72 |    514 |   1794 |   4 |  703.5 |
               +--------+--------+--------+--------+--------+-----+--------+

Top non-repeatable levels by time:
     D:3: 1040 daAuts
     D:2: 637 daAuts
     D:1: 629 daAuts
     D:4: 506 daAuts
